[ AOE2 MATCH · #482749219 ]
UnrankedFranks vs Gurjaras
[ REPLAY ANALYSIS · EXTRACTED FROM THE RECORDED GAME ]
Feudal
13:34
Castle
17:32
Imperial
36:50
| APM avg | 13.9 |
| APM peak | 41 |
| eAPM avg | 10.4 |
| Villagers / military | 142 / 123 |
Focus
⚔️ 23.8% · 🌾 76.2%
Knight ×81 · Spearman ×41 · Trade Cart ×18 · Scout Cavalry ×1
Feudal
11:13
Castle
18:54
Imperial
32:05
| APM avg | 14.9 |
| APM peak | 43 |
| eAPM avg | 9.7 |
| Villagers / military | 120 / 56 |
Focus
⚔️ 16.6% · 🌾 83.4%
Ballista Elephant ×56
Feudal
9:54
Castle
25:28
Imperial
38:11
| APM avg | 22.4 |
| APM peak | 52 |
| eAPM avg | 14.1 |
| Villagers / military | 128 / 131 |
Focus
⚔️ 22.7% · 🌾 77.3%
Shrivamsha Rider ×117 · Trade Cart ×9 · Camel Scout ×6 · Scout Cavalry ×5 · Spearman ×3
Feudal
12:32
Castle
18:58
Imperial
37:01
| APM avg | 13.1 |
| APM peak | 36 |
| eAPM avg | 9.4 |
| Villagers / military | 111 / 66 |
Focus
⚔️ 24.1% · 🌾 75.9%
Conquistador ×48 · Trade Cart ×32 · Spearman ×18
Feudal
12:24
Castle
17:25
Imperial
34:20
| APM avg | 21.3 |
| APM peak | 81 |
| eAPM avg | 16.3 |
| Villagers / military | 110 / 113 |
Focus
⚔️ 30.2% · 🌾 69.8%
Scorpion ×54 · Spearman ×49 · Trebuchet (Packed) ×5 · Skirmisher ×3 · Monk ×1 · Mangonel ×1
Feudal
11:02
Castle
21:36
Imperial
38:55
| APM avg | 41.0 |
| APM peak | 163 |
| eAPM avg | 13.7 |
| Villagers / military | 108 / 61 |
Focus
⚔️ 13.9% · 🌾 86.1%
Knight ×53 · Trade Cart ×16 · Scout Cavalry ×8
Feudal
11:51
Castle
19:45
Imperial
33:06
| APM avg | 14.1 |
| APM peak | 64 |
| eAPM avg | 9.4 |
| Villagers / military | 142 / 46 |
Focus
⚔️ 17.4% · 🌾 82.6%
Samurai ×35 · Trebuchet (Packed) ×11 · Trade Cart ×10
Feudal
10:27
Castle
18:58
Imperial
37:22
| APM avg | 45.4 |
| APM peak | 123 |
| eAPM avg | 23.5 |
| Villagers / military | 83 / 53 |
Focus
⚔️ 25.0% · 🌾 75.0%
War Elephant ×19 · Trade Cart ×12 · Spearman ×7 · Camel Scout ×7 · Battering Ram ×7 · Archer ×5
Match map
Initial resources + every placement click. Lines = walls · curves = elevation contours. ◆ gold · ⬟ stone · ● berries · ✦ relic · ◌ wall gap
Your base· Open — unwalled flank
Humping Moose's base· Open — 10t gap
speen's base· Open — unwalled flank
m's base· Open — unwalled flank
Aegon the first of his name's base· Open — unwalled flank
Yuanchi's base· Open — unwalled flank
AnArKy's base· Open — unwalled flank
npitsillos's base· Open — unwalled flank
Smoothed initial terrain · ◌ = detected wall gap · hover for details
Inputs per minute
— COCO - - Humping Moose
Build order — COCO
First 150 of 341 actions detected
| 0:07 | Build | House |
| 0:08 | Create | Villager (Male) |
| 0:09 | Create | Villager (Male) |
| 0:09 | Create | Villager (Male) |
| 0:09 | Create | Villager (Male) |
| 0:09 | Create | Villager (Male) |
| 0:25 | Build | House |
| 0:26 | Build | House |
| 0:26 | Build | House |
| 0:27 | Build | House |
| 1:42 | Create | Villager (Male) |
| 1:42 | Create | Villager (Male) |
| 2:03 | Create | Villager (Male) |
| 2:35 | Create | Villager (Male) |
| 2:55 | Create | Villager (Male) |
| 2:55 | Create | Villager (Male) |
| 3:18 | Create | Villager (Male) |
| 3:43 | Create | Villager (Male) |
| 3:43 | Create | Villager (Male) |
| 3:43 | Create | Villager (Male) |
| 4:11 | Create | Villager (Male) |
| 4:32 | Create | Villager (Male) |
| 4:32 | Create | Villager (Male) |
| 4:54 | Create | Villager (Male) |
| 4:54 | Create | Villager (Male) |
| 5:28 | Build | Lumber Camp |
| 5:32 | Create | Villager (Male) |
| 6:01 | Create | Villager (Male) |
| 6:15 | Build | Mill |
| 6:20 | Create | Villager (Male) |
| 6:20 | Create | Villager (Male) |
| 6:20 | Create | Villager (Male) |
| 6:21 | Create | Villager (Male) |
| 6:22 | Create | Villager (Male) |
| 6:33 | Create | Villager (Male) |
| 7:04 | Build | House |
| 7:06 | Build | House |
| 7:08 | Build | House |
| 7:55 | Create | Villager (Male) |
| 7:57 | Create | Villager (Male) |
| 7:57 | Create | Villager (Male) |
| 7:57 | Create | Villager (Male) |
| 7:58 | Create | Villager (Male) |
| 7:58 | Create | Villager (Male) |
| 8:34 | Build | Mill |
| 9:25 | Build | Mining Camp |
| 10:13 | Research | Feudal Age |
| 11:14 | Build | Mining Camp |
| 13:34 | Age | Feudal Age |
| 13:35 | Research | Double-Bit Axe |
| 13:50 | Build | Stone Wall |
| 13:52 | Build | Stone Wall |
| 13:56 | Build | Gate |
| 14:03 | Build | Gate |
| 14:21 | Build | Blacksmith |
| 14:28 | Build | Market |
| 14:39 | Build | Farm |
| 14:39 | Build | Farm |
| 14:40 | Build | Farm |
| 14:42 | Build | Farm |
| 14:43 | Build | Farm |
| 14:44 | Build | Farm |
| 14:52 | Research | Castle Age |
| 14:59 | Build | Farm |
| 14:59 | Build | Farm |
| 15:00 | Build | Farm |
| 15:02 | Build | Farm |
| 15:03 | Build | Farm |
| 15:05 | Build | Farm |
| 15:52 | Create | Villager (Male) |
| 15:53 | Create | Villager (Male) |
| 15:53 | Create | Villager (Male) |
| 16:47 | Create | Villager (Male) |
| 16:47 | Create | Villager (Male) |
| 17:32 | Age | Castle Age |
| 17:32 | Create | Villager (Male) |
| 17:33 | Create | Villager (Male) |
| 17:37 | Create | Trade Cart |
| 17:44 | Build | Town Center |
| 18:19 | Create | Villager (Male) |
| 18:38 | Build | Town Center |
| 19:00 | Create | Villager (Male) |
| 19:01 | Create | Villager (Male) |
| 19:37 | Create | Villager (Male) |
| 19:37 | Create | Villager (Male) |
| 19:46 | Create | Villager (Male) |
| 19:46 | Create | Villager (Male) |
| 19:55 | Build | Farm |
| 20:00 | Create | Villager (Male) |
| 20:00 | Create | Villager (Male) |
| 20:06 | Build | Farm |
| 20:17 | Create | Villager (Male) |
| 20:18 | Create | Villager (Male) |
| 20:21 | Build | Farm |
| 20:29 | Create | Villager (Male) |
| 20:29 | Create | Villager (Male) |
| 20:32 | Build | Farm |
| 20:44 | Create | Villager (Male) |
| 20:44 | Create | Villager (Male) |
| 20:57 | Build | Farm |
| 20:58 | Create | Villager (Male) |
| 20:58 | Create | Villager (Male) |
| 21:04 | Build | Farm |
| 21:05 | Create | Villager (Male) |
| 21:06 | Create | Villager (Male) |
| 21:19 | Build | Farm |
| 21:23 | Build | Farm |
| 21:24 | Create | Villager (Male) |
| 21:24 | Create | Villager (Male) |
| 21:28 | Build | Farm |
| 21:37 | Build | Farm |
| 21:37 | Create | Villager (Male) |
| 21:51 | Build | Farm |
| 21:52 | Create | Villager (Male) |
| 21:52 | Create | Villager (Male) |
| 21:55 | Build | Farm |
| 22:00 | Create | Villager (Male) |
| 22:00 | Create | Villager (Male) |
| 22:01 | Create | Villager (Male) |
| 22:11 | Build | House |
| 22:12 | Build | House |
| 22:13 | Build | House |
| 22:14 | Build | House |
| 22:14 | Build | House |
| 22:16 | Create | Villager (Male) |
| 22:16 | Create | Villager (Male) |
| 22:19 | Create | Villager (Male) |
| 22:23 | Build | House |
| 22:25 | Build | House |
| 22:26 | Build | House |
| 22:27 | Build | House |
| 22:28 | Build | House |
| 22:30 | Create | Villager (Male) |
| 22:30 | Create | Villager (Male) |
| 22:37 | Build | House |
| 22:39 | Build | House |
| 22:40 | Build | House |
| 22:41 | Build | House |
| 22:45 | Create | Villager (Male) |
| 22:45 | Create | Villager (Male) |
| 22:59 | Research | Bow Saw |
| 23:13 | Create | Villager (Male) |
| 23:13 | Create | Villager (Male) |
| 23:13 | Create | Villager (Male) |
| 23:18 | Build | Lumber Camp |
| 23:24 | Create | Villager (Male) |
| 23:24 | Create | Villager (Male) |
| 23:24 | Create | Villager (Male) |
| 23:28 | Create | Villager (Male) |
| 23:45 | Create | Villager (Male) ×2 |
Build order — Humping Moose
First 150 of 301 actions detected
| 0:01 | Create | Villager (Male) |
| 0:02 | Create | Villager (Male) |
| 0:02 | Create | Villager (Male) |
| 0:04 | Build | House |
| 0:06 | Build | House |
| 0:43 | Create | Villager (Male) |
| 1:47 | Create | Villager (Male) |
| 1:58 | Create | Villager (Male) |
| 3:06 | Create | Villager (Male) |
| 3:06 | Create | Villager (Male) |
| 3:07 | Create | Villager (Male) |
| 3:55 | Create | Villager (Male) |
| 4:03 | Build | House |
| 4:17 | Create | Villager (Male) |
| 4:18 | Create | Villager (Male) |
| 4:57 | Create | Villager (Male) |
| 4:57 | Create | Villager (Male) |
| 5:26 | Build | House |
| 5:57 | Build | Lumber Camp |
| 6:35 | Create | Villager (Male) |
| 6:36 | Create | Villager (Male) |
| 7:21 | Build | Palisade Wall |
| 7:39 | Build | Mill |
| 7:45 | Create | Villager (Male) |
| 8:38 | Create | Villager (Male) |
| 8:40 | Research | Feudal Age |
| 9:19 | Build | Palisade Wall |
| 10:23 | Build | Mining Camp |
| 11:11 | Create | Villager (Male) |
| 11:13 | Age | Feudal Age |
| 11:17 | Build | House |
| 11:24 | Create | Villager (Male) |
| 11:27 | Research | Double-Bit Axe |
| 11:31 | Research | Horse Collar |
| 11:44 | Build | Farm |
| 11:47 | Build | Farm |
| 11:52 | Build | Farm |
| 11:56 | Build | Farm |
| 12:27 | Create | Villager (Male) |
| 12:28 | Create | Villager (Male) |
| 12:32 | Build | Farm |
| 12:46 | Build | House |
| 12:54 | Research | Wheelbarrow |
| 13:03 | Build | Farm |
| 13:27 | Build | Farm |
| 13:33 | Create | Villager (Male) |
| 13:33 | Create | Villager (Male) |
| 13:58 | Build | Mining Camp |
| 14:13 | Build | Farm |
| 15:13 | Create | Villager (Male) |
| 16:10 | Build | Watch Tower |
| 16:14 | Research | Castle Age |
| 17:17 | Build | House |
| 17:30 | Build | House |
| 17:31 | Build | House |
| 17:33 | Build | House |
| 17:44 | Build | Farm |
| 17:44 | Build | Farm |
| 17:45 | Build | Farm |
| 17:45 | Build | Farm |
| 17:45 | Build | Farm |
| 17:45 | Build | Farm |
| 17:46 | Build | Farm |
| 17:46 | Build | Farm |
| 17:46 | Build | Farm |
| 17:47 | Build | Farm |
| 18:54 | Age | Castle Age |
| 18:57 | Create | Villager (Male) |
| 18:57 | Create | Villager (Male) |
| 19:07 | Research | Gold Mining |
| 19:11 | Research | Stone Mining |
| 19:15 | Research | Bow Saw |
| 19:47 | Build | Lumber Camp |
| 20:00 | Create | Villager (Male) |
| 20:01 | Create | Villager (Male) |
| 20:01 | Create | Villager (Male) |
| 20:02 | Create | Villager (Male) |
| 20:03 | Create | Villager (Male) |
| 20:03 | Create | Villager (Male) |
| 20:05 | Create | Villager (Male) |
| 20:06 | Create | Villager (Male) |
| 20:06 | Create | Villager (Male) |
| 20:06 | Create | Villager (Male) |
| 21:16 | Build | Stone Wall |
| 21:40 | Research | Heavy Plow |
| 21:52 | Research | Gold Shaft Mining |
| 21:55 | Research | Stone Shaft Mining |
| 22:17 | Build | Blacksmith |
| 23:16 | Build | Town Center |
| 23:29 | Create | Villager (Male) |
| 23:29 | Create | Villager (Male) |
| 23:30 | Create | Villager (Male) |
| 23:37 | Research | Fletching |
| 23:39 | Research | Padded Archer Armor |
| 24:30 | Build | Stone Wall |
| 24:46 | Build | Town Center |
| 24:54 | Create | Villager (Male) |
| 24:55 | Create | Villager (Male) |
| 25:16 | Research | Bodkin Arrow |
| 25:17 | Research | Leather Archer Armor |
| 25:56 | Create | Villager (Male) |
| 25:57 | Create | Villager (Male) |
| 25:57 | Create | Villager (Male) |
| 25:58 | Create | Villager (Male) |
| 25:58 | Create | Villager (Male) |
| 26:38 | Build | Castle |
| 26:50 | Create | Villager (Male) |
| 26:51 | Create | Villager (Male) |
| 26:51 | Create | Villager (Male) |
| 26:51 | Create | Villager (Male) |
| 26:52 | Create | Villager (Male) |
| 26:52 | Create | Villager (Male) |
| 26:52 | Create | Villager (Male) |
| 27:26 | Build | Farm |
| 27:27 | Build | Farm |
| 27:27 | Build | Farm |
| 27:27 | Build | Farm |
| 27:28 | Build | Farm |
| 27:28 | Build | Farm |
| 27:28 | Build | Farm |
| 27:29 | Build | Farm |
| 27:29 | Build | Farm |
| 27:29 | Build | Farm |
| 27:30 | Build | Farm |
| 27:30 | Build | Farm |
| 27:31 | Build | Farm |
| 27:31 | Build | Farm |
| 27:31 | Build | Farm |
| 28:43 | Research | Imperial Age |
| 28:47 | Create | Villager (Male) |
| 28:47 | Create | Villager (Male) |
| 28:47 | Create | Villager (Male) |
| 28:48 | Create | Villager (Male) |
| 29:06 | Build | Mining Camp |
| 29:20 | Create | Villager (Male) |
| 29:21 | Create | Villager (Male) |
| 29:21 | Create | Villager (Male) |
| 29:21 | Create | Villager (Male) |
| 29:22 | Create | Villager (Male) |
| 29:22 | Create | Villager (Male) |
| 29:22 | Create | Villager (Male) |
| 29:23 | Create | Villager (Male) |
| 29:23 | Create | Villager (Male) |
| 29:53 | Build | University |
| 30:08 | Build | Barracks |
| 30:09 | Build | Barracks |
| 30:09 | Build | Barracks |
| 30:10 | Build | Barracks |
| 30:10 | Build | Barracks |
| 30:11 | Build | Barracks |
Build order — speen
First 150 of 350 actions detected
| 0:01 | Research | Loom |
| 0:02 | Research | Loom |
| 0:02 | Create | Villager (Male) |
| 0:02 | Create | Villager (Male) |
| 0:04 | Create | Villager (Male) |
| 0:05 | Create | Villager (Male) |
| 0:05 | Create | Villager (Male) |
| 0:06 | Build | House |
| 0:08 | Build | House |
| 1:34 | Build | Mill |
| 2:08 | Create | Villager (Male) |
| 2:08 | Create | Villager (Male) |
| 2:52 | Create | Villager (Male) |
| 3:08 | Create | Villager (Male) |
| 3:09 | Create | Villager (Male) |
| 3:09 | Create | Villager (Male) |
| 3:35 | Create | Villager (Male) |
| 3:36 | Create | Villager (Male) |
| 4:16 | Create | Villager (Male) |
| 4:17 | Create | Villager (Male) |
| 4:32 | Build | House |
| 4:44 | Create | Villager (Male) |
| 5:11 | Create | Villager (Male) |
| 5:33 | Create | Villager (Male) |
| 5:33 | Create | Villager (Male) |
| 6:07 | Create | Villager (Male) |
| 6:07 | Create | Villager (Male) |
| 6:07 | Create | Villager (Male) |
| 6:40 | Research | Loom |
| 6:54 | Build | Barracks |
| 7:02 | Create | Villager (Male) |
| 7:44 | Research | Feudal Age |
| 8:48 | Build | House |
| 8:50 | Build | House |
| 8:54 | Build | Palisade Wall |
| 9:54 | Age | Feudal Age |
| 9:58 | Build | Lumber Camp |
| 10:20 | Build | Stable |
| 10:46 | Create | Scout Cavalry |
| 10:46 | Create | Scout Cavalry |
| 10:46 | Create | Scout Cavalry |
| 10:47 | Create | Scout Cavalry |
| 10:47 | Create | Scout Cavalry |
| 10:59 | Create | Villager (Male) |
| 10:59 | Create | Villager (Male) |
| 11:16 | Create | Villager (Male) |
| 11:22 | Build | Lumber Camp |
| 12:04 | Build | Stone Wall |
| 12:06 | Build | Gate |
| 12:14 | Build | Stone Wall |
| 12:21 | Build | Stone Wall |
| 12:30 | Build | Stone Wall |
| 12:32 | Build | Gate |
| 12:34 | Create | Villager (Male) |
| 12:34 | Create | Villager (Male) |
| 12:34 | Create | Villager (Male) |
| 13:22 | Build | Mining Camp |
| 13:40 | Create | Villager (Male) |
| 14:00 | Build | House |
| 14:16 | Research | Horse Collar |
| 14:17 | Research | Double-Bit Axe |
| 15:27 | Create | Villager (Male) |
| 15:28 | Create | Villager (Male) |
| 15:28 | Create | Villager (Male) |
| 15:35 | Create | Spearman |
| 15:35 | Create | Spearman |
| 15:36 | Create | Spearman |
| 15:39 | Build | House |
| 15:43 | Build | House |
| 15:51 | Build | Farm |
| 15:52 | Create | Villager (Male) |
| 15:52 | Create | Villager (Male) |
| 15:52 | Create | Villager (Male) |
| 15:57 | Build | House |
| 15:59 | Build | House |
| 16:04 | Build | House |
| 16:08 | Build | House |
| 16:14 | Build | Blacksmith |
| 16:39 | Create | Villager (Male) |
| 16:39 | Create | Villager (Male) |
| 16:55 | Build | Farm |
| 16:56 | Build | Farm |
| 16:56 | Build | Farm |
| 17:50 | Create | Villager (Male) |
| 17:50 | Create | Villager (Male) |
| 17:51 | Create | Villager (Male) |
| 17:59 | Build | Farm |
| 17:59 | Build | Farm |
| 18:04 | Build | Farm |
| 18:11 | Build | Farm |
| 18:11 | Build | Farm |
| 18:14 | Build | Farm |
| 18:22 | Create | Villager (Male) |
| 18:28 | Build | Farm |
| 18:52 | Build | Farm |
| 18:52 | Build | Farm |
| 18:58 | Build | Farm |
| 19:07 | Build | Farm |
| 19:11 | Build | Farm |
| 19:14 | Build | Farm |
| 19:24 | Build | Farm |
| 19:45 | Build | Mining Camp |
| 19:56 | Create | Villager (Male) |
| 20:18 | Create | Villager (Male) |
| 20:18 | Create | Villager (Male) |
| 20:40 | Build | Stone Wall |
| 20:53 | Create | Villager (Male) |
| 20:53 | Create | Villager (Male) |
| 20:53 | Create | Villager (Male) |
| 21:26 | Build | Market |
| 21:30 | Build | Farm |
| 21:33 | Create | Villager (Male) |
| 21:33 | Create | Villager (Male) |
| 21:51 | Build | Farm |
| 21:52 | Create | Villager (Male) |
| 21:52 | Create | Villager (Male) |
| 22:12 | Build | Farm |
| 22:46 | Research | Castle Age |
| 22:50 | Build | Farm |
| 22:54 | Research | Gold Mining |
| 22:59 | Research | Stone Mining |
| 23:47 | Build | Lumber Camp |
| 23:49 | Build | Mining Camp |
| 23:57 | Build | Lumber Camp |
| 25:28 | Age | Castle Age |
| 25:31 | Build | Town Center |
| 25:36 | Build | Town Center |
| 25:43 | Create | Villager (Male) |
| 25:44 | Create | Villager (Male) |
| 26:11 | Build | Town Center |
| 26:30 | Create | Villager (Male) |
| 26:30 | Create | Villager (Male) |
| 26:30 | Create | Villager (Male) |
| 26:58 | Create | Villager (Male) |
| 26:58 | Create | Villager (Male) |
| 26:58 | Create | Villager (Male) |
| 26:59 | Create | Villager (Male) |
| 27:36 | Create | Villager (Male) |
| 27:36 | Create | Villager (Male) |
| 27:36 | Create | Villager (Male) |
| 27:37 | Create | Villager (Male) |
| 27:38 | Create | Villager (Male) |
| 27:39 | Create | Villager (Male) |
| 27:39 | Create | Villager (Male) |
| 27:46 | Research | Bow Saw |
| 28:02 | Create | Camel Scout |
| 28:02 | Create | Camel Scout |
| 28:03 | Create | Camel Scout |
| 28:03 | Create | Camel Scout |
| 28:03 | Create | Camel Scout |
Build order — m
First 150 of 269 actions detected
| 0:01 | Create | Villager (Male) |
| 0:01 | Create | Villager (Male) |
| 0:02 | Create | Villager (Male) |
| 0:03 | Build | House |
| 0:04 | Build | House |
| 0:09 | Create | Villager (Male) |
| 0:09 | Create | Villager (Male) |
| 0:18 | Build | House |
| 0:20 | Build | House |
| 1:47 | Create | Villager (Male) |
| 1:55 | Build | Mill |
| 2:08 | Create | Villager (Male) |
| 2:08 | Create | Villager (Male) |
| 2:48 | Create | Villager (Male) |
| 2:48 | Create | Villager (Male) |
| 2:59 | Create | Villager (Male) |
| 3:00 | Create | Villager (Male) |
| 3:28 | Create | Villager (Male) |
| 3:38 | Create | Villager (Male) |
| 4:00 | Create | Villager (Male) |
| 4:19 | Create | Villager (Male) |
| 4:29 | Create | Villager (Male) |
| 4:42 | Create | Villager (Male) |
| 5:12 | Create | Villager (Male) |
| 6:04 | Build | Lumber Camp |
| 6:12 | Create | Villager (Male) |
| 6:13 | Create | Villager (Male) |
| 6:58 | Create | Villager (Male) |
| 6:58 | Create | Villager (Male) |
| 7:26 | Create | Villager (Male) |
| 7:26 | Create | Villager (Male) |
| 7:33 | Build | Mining Camp |
| 7:38 | Create | Villager (Male) |
| 7:39 | Create | Villager (Male) |
| 7:53 | Create | Villager (Male) |
| 7:53 | Create | Villager (Male) |
| 8:07 | Build | House |
| 8:09 | Build | House |
| 8:44 | Build | Mining Camp |
| 9:27 | Create | Villager (Male) |
| 9:43 | Build | House |
| 9:45 | Build | House |
| 10:22 | Research | Feudal Age |
| 10:33 | Build | Barracks |
| 10:35 | Build | House |
| 10:36 | Build | House |
| 10:44 | Build | Palisade Wall |
| 10:48 | Create | Villager (Male) |
| 12:06 | Build | Farm |
| 12:07 | Build | Farm |
| 12:08 | Build | Farm |
| 12:10 | Build | Farm |
| 12:29 | Build | Farm |
| 12:32 | Age | Feudal Age |
| 12:44 | Create | Villager (Male) |
| 12:45 | Create | Villager (Male) |
| 13:00 | Build | Farm |
| 13:23 | Build | Farm |
| 13:37 | Build | Farm |
| 13:48 | Build | Farm |
| 13:56 | Create | Villager (Male) |
| 14:08 | Build | Farm |
| 14:14 | Build | Farm |
| 14:18 | Create | Villager (Male) |
| 14:26 | Create | Villager (Male) |
| 14:31 | Build | Farm |
| 15:02 | Build | Blacksmith |
| 15:22 | Create | Villager (Male) |
| 15:43 | Build | Market |
| 15:58 | Build | Farm |
| 16:13 | Build | Farm |
| 16:18 | Research | Castle Age |
| 16:44 | Build | Palisade Wall |
| 16:53 | Create | Villager (Male) |
| 16:53 | Create | Villager (Male) |
| 17:03 | Build | Palisade Gate |
| 17:11 | Create | Villager (Male) |
| 17:26 | Build | Archery Range |
| 17:28 | Research | Double-Bit Axe |
| 17:41 | Build | Palisade Wall |
| 17:47 | Build | Palisade Gate |
| 17:53 | Build | Palisade Wall |
| 18:58 | Age | Castle Age |
| 19:17 | Build | Palisade Wall |
| 19:20 | Build | Palisade Gate |
| 19:31 | Create | Villager (Male) |
| 19:31 | Create | Villager (Male) |
| 19:56 | Create | Villager (Male) |
| 20:44 | Build | Town Center |
| 21:23 | Build | Castle |
| 21:30 | Create | Villager (Male) ×5 |
| 21:30 | Create | Villager (Male) ×5 |
| 21:40 | Build | Farm |
| 22:19 | Create | Conquistador |
| 22:20 | Create | Conquistador |
| 22:24 | Create | Villager (Male) |
| 22:25 | Create | Villager (Male) |
| 22:34 | Create | Villager (Male) |
| 22:34 | Create | Villager (Male) |
| 22:44 | Build | Lumber Camp |
| 23:08 | Build | Castle |
| 23:12 | Build | Mining Camp |
| 23:15 | Create | Villager (Male) |
| 23:15 | Create | Villager (Male) |
| 23:28 | Create | Villager (Male) |
| 23:35 | Build | Farm |
| 23:39 | Build | Farm |
| 23:45 | Create | Villager (Male) |
| 24:09 | Build | Mining Camp |
| 24:22 | Build | Palisade Wall |
| 24:52 | Create | Trade Cart ×2 |
| 24:54 | Create | Villager (Male) |
| 24:54 | Create | Villager (Male) |
| 25:03 | Research | Gold Mining |
| 25:06 | Research | Stone Mining |
| 25:10 | Create | Conquistador |
| 25:32 | Build | House |
| 25:33 | Build | House |
| 25:34 | Build | House |
| 25:35 | Build | House |
| 25:36 | Build | House |
| 25:37 | Build | House |
| 25:38 | Build | House |
| 25:43 | Research | Bow Saw |
| 25:46 | Create | Trade Cart |
| 25:47 | Create | Trade Cart |
| 25:59 | Create | Villager (Male) |
| 25:59 | Create | Villager (Male) |
| 25:59 | Create | Villager (Male) |
| 26:23 | Create | Conquistador |
| 26:23 | Create | Conquistador |
| 26:35 | Build | Town Center |
| 26:43 | Build | Farm |
| 26:44 | Build | Farm |
| 26:46 | Build | Farm |
| 27:00 | Create | Trade Cart |
| 27:00 | Create | Trade Cart |
| 27:04 | Create | Villager (Male) |
| 27:04 | Create | Villager (Male) |
| 27:15 | Build | Mining Camp |
| 27:30 | Build | Mining Camp |
| 27:37 | Create | Trade Cart |
| 27:37 | Create | Trade Cart |
| 27:37 | Create | Trade Cart |
| 27:38 | Create | Villager (Male) |
| 27:38 | Create | Villager (Male) |
| 27:51 | Create | Villager (Male) ×2 |
| 28:14 | Build | Castle |
| 28:18 | Create | Villager (Male) |
| 28:18 | Create | Villager (Male) |
Build order — Aegon the first of his name
First 150 of 372 actions detected
| 0:02 | Create | Villager (Male) |
| 0:02 | Create | Villager (Male) |
| 0:02 | Create | Villager (Male) |
| 0:03 | Create | Villager (Male) |
| 0:03 | Create | Villager (Male) |
| 0:05 | Build | House |
| 0:09 | Build | House |
| 1:54 | Create | Villager (Male) |
| 1:54 | Create | Villager (Male) |
| 2:26 | Create | Villager (Male) |
| 2:54 | Create | Villager (Male) |
| 3:13 | Build | Mill |
| 3:16 | Create | Villager (Male) |
| 3:44 | Create | Villager (Male) |
| 3:44 | Create | Villager (Male) |
| 4:03 | Build | House |
| 4:13 | Create | Villager (Male) |
| 4:25 | Create | Villager (Male) |
| 4:54 | Build | Lumber Camp |
| 4:57 | Create | Villager (Male) |
| 5:08 | Create | Villager (Male) |
| 5:33 | Create | Villager (Male) |
| 5:45 | Build | Mining Camp |
| 5:48 | Create | Villager (Male) |
| 6:01 | Create | Villager (Male) |
| 6:09 | Build | House |
| 6:15 | Create | Villager (Male) |
| 6:35 | Create | Villager (Male) |
| 7:02 | Create | Villager (Male) |
| 7:32 | Create | Villager (Male) |
| 7:47 | Create | Villager (Male) |
| 7:51 | Create | Villager (Male) |
| 7:57 | Create | Villager (Male) |
| 8:14 | Build | House |
| 9:27 | Build | House |
| 9:39 | Build | Palisade Gate |
| 9:51 | Build | Farm |
| 9:57 | Research | Feudal Age |
| 11:07 | Build | Farm |
| 11:08 | Build | Farm |
| 11:09 | Build | Farm |
| 11:11 | Build | Farm |
| 11:18 | Build | Mining Camp |
| 11:58 | Build | House |
| 12:03 | Build | Barracks |
| 12:24 | Create | Villager (Male) |
| 12:24 | Create | Villager (Male) |
| 12:24 | Age | Feudal Age |
| 12:38 | Build | Market |
| 12:42 | Create | Villager (Male) |
| 12:57 | Create | Villager (Male) |
| 13:33 | Build | Archery Range |
| 13:53 | Build | Farm |
| 13:58 | Create | Villager (Male) |
| 14:20 | Build | Farm |
| 14:32 | Build | House |
| 14:33 | Build | House |
| 14:37 | Build | House |
| 14:38 | Build | House |
| 14:45 | Research | Castle Age |
| 14:55 | Build | Farm |
| 15:12 | Create | Skirmisher |
| 15:12 | Create | Skirmisher |
| 15:23 | Create | Skirmisher |
| 15:33 | Create | Spearman |
| 15:33 | Create | Spearman |
| 15:34 | Create | Spearman |
| 15:58 | Build | Barracks |
| 16:25 | Create | Spearman |
| 16:29 | Research | Double-Bit Axe |
| 16:37 | Research | Horse Collar |
| 16:48 | Create | Spearman |
| 17:25 | Age | Castle Age |
| 17:34 | Build | Town Center |
| 17:37 | Create | Villager (Male) |
| 17:38 | Create | Villager (Male) |
| 17:38 | Create | Villager (Male) |
| 17:58 | Create | Villager (Male) |
| 18:37 | Build | Blacksmith |
| 18:43 | Research | Bow Saw |
| 18:47 | Create | Villager (Male) |
| 18:58 | Create | Spearman |
| 18:59 | Create | Spearman |
| 19:31 | Build | Siege Workshop |
| 19:35 | Create | Villager (Male) |
| 19:36 | Create | Villager (Male) |
| 19:46 | Build | Farm |
| 20:07 | Create | Villager (Male) |
| 20:30 | Build | Stone Wall |
| 20:50 | Build | Town Center |
| 21:00 | Build | Town Center |
| 21:07 | Create | Villager (Male) |
| 21:08 | Create | Villager (Male) |
| 21:12 | Build | Farm |
| 21:13 | Create | Villager (Male) |
| 21:14 | Create | Villager (Male) |
| 21:38 | Build | Town Center |
| 21:47 | Build | Siege Workshop |
| 22:01 | Create | Scorpion |
| 22:01 | Create | Scorpion |
| 22:07 | Build | Farm |
| 22:09 | Build | Farm |
| 22:10 | Create | Villager (Male) |
| 22:10 | Create | Villager (Male) |
| 22:26 | Create | Villager (Male) |
| 22:26 | Create | Villager (Male) |
| 22:47 | Build | Castle |
| 22:58 | Create | Villager (Male) |
| 22:59 | Create | Villager (Male) |
| 23:01 | Build | Farm |
| 23:02 | Create | Villager (Male) |
| 23:04 | Build | Farm |
| 23:07 | Build | Farm |
| 23:08 | Create | Villager (Male) |
| 23:16 | Create | Scorpion |
| 23:16 | Create | Scorpion |
| 23:20 | Create | Villager (Male) |
| 23:26 | Create | Villager (Male) |
| 23:45 | Create | Villager (Male) |
| 23:50 | Create | Villager (Male) |
| 23:53 | Build | Farm |
| 23:56 | Build | Farm |
| 23:57 | Create | Villager (Male) |
| 24:07 | Build | House |
| 24:08 | Build | House |
| 24:09 | Build | House |
| 24:10 | Build | House |
| 24:11 | Build | House |
| 24:15 | Create | Villager (Male) |
| 24:26 | Research | Wheelbarrow |
| 24:35 | Build | Farm |
| 24:36 | Create | Villager (Male) |
| 24:46 | Build | Mill |
| 24:50 | Build | Farm |
| 24:52 | Create | Villager (Male) |
| 24:57 | Create | Villager (Male) |
| 25:03 | Build | Farm |
| 25:04 | Create | Villager (Male) |
| 25:05 | Create | Villager (Male) |
| 25:15 | Build | Siege Workshop |
| 25:26 | Create | Villager (Male) |
| 25:26 | Create | Villager (Male) |
| 25:32 | Build | House |
| 25:33 | Build | House |
| 25:34 | Build | House |
| 25:36 | Build | House |
| 25:37 | Build | House |
| 25:43 | Build | Farm |
| 25:44 | Build | Farm |
| 25:46 | Create | Villager (Male) |
Build order — Yuanchi
First 150 of 235 actions detected
| 0:05 | Build | House |
| 0:05 | Build | House |
| 0:11 | Create | Villager (Male) ×4 |
| 1:37 | Create | Villager (Male) |
| 1:37 | Create | Villager (Male) |
| 2:11 | Build | Lumber Camp |
| 2:17 | Create | Villager (Male) |
| 2:40 | Create | Villager (Male) |
| 3:18 | Create | Villager (Male) ×2 |
| 3:44 | Create | Villager (Male) |
| 4:20 | Build | Palisade Wall |
| 4:23 | Build | House |
| 4:36 | Create | Villager (Male) |
| 4:56 | Create | Villager (Male) |
| 5:12 | Build | Mill |
| 5:26 | Create | Villager (Male) ×2 |
| 5:52 | Create | Villager (Male) ×3 |
| 6:33 | Build | House |
| 7:15 | Build | House |
| 7:34 | Create | Villager (Male) |
| 7:34 | Create | Villager (Male) |
| 7:59 | Build | Barracks |
| 8:52 | Research | Feudal Age |
| 9:06 | Build | House |
| 9:14 | Create | Villager (Male) ×2 |
| 9:35 | Build | House |
| 9:44 | Create | Villager (Male) ×2 |
| 10:28 | Build | House |
| 11:02 | Age | Feudal Age |
| 11:06 | Research | Double-Bit Axe |
| 11:20 | Build | Stable |
| 12:02 | Create | Villager (Male) ×5 |
| 12:17 | Create | Scout Cavalry ×4 |
| 12:18 | Create | Scout Cavalry ×4 |
| 12:23 | Build | Lumber Camp |
| 12:47 | Build | House |
| 12:48 | Build | House |
| 13:11 | Build | Farm |
| 13:11 | Build | Farm |
| 13:11 | Build | Farm |
| 13:11 | Build | Farm |
| 13:28 | Build | Farm |
| 13:28 | Build | Farm |
| 13:28 | Build | Farm |
| 13:29 | Build | Farm |
| 13:29 | Build | Farm |
| 13:47 | Build | House |
| 13:57 | Create | Villager (Male) |
| 14:04 | Build | Farm |
| 14:08 | Build | Farm |
| 14:09 | Build | Farm |
| 14:09 | Build | Farm |
| 14:09 | Build | Farm |
| 14:15 | Build | Farm |
| 14:42 | Build | Farm |
| 14:55 | Build | Mining Camp |
| 15:05 | Create | Villager (Male) |
| 17:06 | Build | Blacksmith |
| 17:21 | Build | Market |
| 17:31 | Research | Bloodlines |
| 18:02 | Create | Villager (Male) |
| 18:02 | Create | Villager (Male) |
| 18:12 | Research | Gold Mining |
| 18:56 | Research | Castle Age |
| 19:29 | Build | Stable |
| 19:38 | Research | Stone Mining |
| 19:46 | Build | Mining Camp |
| 19:56 | Research | Scale Barding Armor |
| 21:19 | Build | Farm |
| 21:19 | Build | Farm |
| 21:21 | Build | Farm |
| 21:36 | Age | Castle Age |
| 21:40 | Create | Knight ×5 |
| 21:52 | Research | Gold Shaft Mining |
| 21:55 | Research | Bow Saw |
| 21:57 | Research | Horse Collar |
| 21:58 | Create | Villager (Male) |
| 22:07 | Build | Town Center |
| 22:17 | Build | Town Center |
| 22:29 | Create | Villager (Male) |
| 22:29 | Create | Villager (Male) |
| 22:29 | Create | Villager (Male) |
| 22:57 | Create | Villager (Male) |
| 22:58 | Create | Villager (Male) |
| 23:04 | Build | Farm |
| 23:05 | Build | Farm |
| 23:05 | Build | Farm |
| 23:07 | Build | Farm |
| 23:12 | Research | Wheelbarrow |
| 23:28 | Build | Farm |
| 23:28 | Build | Farm |
| 23:31 | Build | Farm |
| 23:33 | Build | Farm |
| 23:39 | Create | Villager (Male) ×2 |
| 24:40 | Build | Stone Wall |
| 25:21 | Build | Farm |
| 25:34 | Research | Husbandry |
| 26:03 | Create | Villager (Male) ×5 |
| 26:07 | Research | Hand Cart |
| 26:10 | Create | Villager (Male) ×3 |
| 27:17 | Build | Stone Wall |
| 30:25 | Create | Villager (Male) ×5 |
| 30:28 | Create | Villager (Male) ×5 |
| 30:34 | Build | Farm |
| 30:34 | Build | Farm |
| 30:34 | Build | Farm |
| 30:35 | Build | Farm |
| 30:35 | Build | Farm |
| 30:35 | Build | Farm |
| 30:35 | Build | Farm |
| 31:02 | Build | Mill |
| 31:05 | Build | Farm |
| 31:05 | Build | Farm |
| 31:05 | Build | Farm |
| 31:06 | Build | Farm |
| 31:06 | Build | Farm |
| 31:06 | Build | Farm |
| 31:06 | Build | Farm |
| 31:18 | Build | Town Center |
| 31:49 | Create | Villager (Male) ×5 |
| 32:36 | Research | Town Watch |
| 32:40 | Create | Villager (Male) ×5 |
| 32:54 | Research | Heavy Plow |
| 33:07 | Build | Lumber Camp |
| 33:12 | Build | Mining Camp |
| 33:25 | Build | Farm |
| 33:26 | Build | Farm |
| 33:26 | Build | Farm |
| 33:27 | Build | Farm |
| 33:30 | Create | Villager (Male) ×5 |
| 33:39 | Build | Castle |
| 33:43 | Create | Villager (Male) ×5 |
| 34:19 | Build | Town Center |
| 34:26 | Build | House |
| 34:26 | Build | House |
| 34:27 | Build | House |
| 34:28 | Build | House |
| 34:29 | Build | House |
| 34:30 | Build | House |
| 34:32 | Build | House |
| 34:32 | Build | House |
| 34:34 | Build | House |
| 34:34 | Build | House |
| 34:35 | Build | House |
| 34:36 | Build | House |
| 34:38 | Build | House |
| 34:48 | Create | Villager (Male) ×5 |
| 34:52 | Research | Imperial Age |
| 34:58 | Build | Farm |
| 34:59 | Build | Farm |
Build order — AnArKy
First 150 of 236 actions detected
| 0:06 | Research | Loom |
| 0:06 | Create | Villager (Male) ×4 |
| 0:07 | Create | Villager (Male) ×4 |
| 0:07 | Create | Villager (Male) ×4 |
| 0:10 | Build | House |
| 0:11 | Build | House |
| 0:12 | Build | House |
| 1:53 | Create | Villager (Male) |
| 1:53 | Create | Villager (Male) |
| 2:47 | Create | Villager (Male) |
| 2:47 | Create | Villager (Male) |
| 3:08 | Create | Villager (Male) |
| 3:08 | Create | Villager (Male) |
| 3:09 | Create | Villager (Male) |
| 3:49 | Create | Villager (Male) |
| 3:50 | Create | Villager (Male) |
| 4:01 | Create | Villager (Male) |
| 4:01 | Create | Villager (Male) |
| 4:29 | Create | Villager (Male) |
| 4:29 | Create | Villager (Male) |
| 4:52 | Build | Mill |
| 5:01 | Create | Villager (Male) |
| 5:01 | Create | Villager (Male) |
| 5:31 | Create | Villager (Male) ×2 |
| 5:31 | Create | Villager (Male) ×2 |
| 6:06 | Build | House |
| 6:09 | Build | House |
| 6:11 | Build | House |
| 6:41 | Build | Lumber Camp |
| 6:46 | Create | Villager (Male) ×3 |
| 6:46 | Create | Villager (Male) ×3 |
| 7:01 | Create | Villager (Male) |
| 7:01 | Create | Villager (Male) |
| 7:42 | Build | House |
| 7:45 | Build | House |
| 8:10 | Create | Villager (Male) |
| 8:10 | Create | Villager (Male) |
| 8:11 | Create | Villager (Male) |
| 9:32 | Research | Feudal Age |
| 9:59 | Build | Farm |
| 10:00 | Build | Farm |
| 10:01 | Build | Farm |
| 10:03 | Build | Farm |
| 10:17 | Build | Farm |
| 10:17 | Build | Farm |
| 10:18 | Build | Farm |
| 10:18 | Build | Farm |
| 10:18 | Build | Farm |
| 10:18 | Build | Farm |
| 10:31 | Build | Farm |
| 10:58 | Create | Villager (Male) ×4 |
| 11:46 | Create | Villager (Male) |
| 11:51 | Age | Feudal Age |
| 11:58 | Research | Double-Bit Axe |
| 12:00 | Research | Horse Collar |
| 12:13 | Build | Market |
| 12:23 | Create | Villager (Male) ×2 |
| 12:28 | Build | Mining Camp |
| 12:59 | Build | Stone Wall |
| 13:07 | Build | Stone Wall |
| 13:23 | Create | Villager (Male) |
| 13:23 | Create | Villager (Male) |
| 13:41 | Create | Villager (Male) |
| 13:58 | Build | Blacksmith |
| 14:07 | Build | Farm |
| 14:08 | Build | Farm |
| 14:09 | Build | Farm |
| 14:51 | Create | Villager (Male) |
| 14:51 | Create | Villager (Male) |
| 14:57 | Build | Mining Camp |
| 15:08 | Build | House |
| 15:11 | Build | House |
| 17:05 | Research | Castle Age |
| 17:05 | Research | Castle Age |
| 17:20 | Build | Stone Wall |
| 17:23 | Build | Stone Wall |
| 17:42 | Build | Gate |
| 18:17 | Build | Stone Wall |
| 18:23 | Build | Stone Wall |
| 18:30 | Research | Gold Mining |
| 18:32 | Research | Stone Mining |
| 19:04 | Create | Villager (Male) ×3 |
| 19:45 | Age | Castle Age |
| 20:00 | Build | Town Center |
| 20:04 | Research | Bow Saw |
| 20:18 | Create | Villager (Male) |
| 20:28 | Build | Town Center |
| 20:52 | Build | Gate |
| 21:05 | Build | Gate |
| 21:16 | Build | Town Center |
| 21:23 | Create | Villager (Male) |
| 21:23 | Create | Villager (Male) |
| 21:23 | Create | Villager (Male) |
| 21:23 | Create | Villager (Male) |
| 21:49 | Create | Villager (Male) ×3 |
| 21:50 | Create | Villager (Male) ×3 |
| 21:56 | Create | Villager (Male) |
| 21:57 | Create | Villager (Male) |
| 22:16 | Create | Villager (Male) |
| 22:16 | Create | Villager (Male) |
| 22:32 | Create | Villager (Male) |
| 22:32 | Create | Villager (Male) |
| 22:43 | Create | Villager (Male) |
| 22:43 | Create | Villager (Male) |
| 23:12 | Create | Villager (Male) ×2 |
| 23:12 | Create | Villager (Male) ×2 |
| 23:25 | Build | Farm |
| 23:26 | Build | Farm |
| 23:28 | Build | Farm |
| 23:31 | Create | Villager (Male) |
| 23:43 | Create | Villager (Male) |
| 23:43 | Create | Villager (Male) |
| 23:44 | Create | Villager (Male) |
| 23:49 | Create | Villager (Male) ×3 |
| 23:54 | Build | Farm |
| 23:55 | Build | Farm |
| 23:59 | Build | Farm |
| 24:06 | Create | Villager (Male) |
| 24:07 | Create | Villager (Male) |
| 24:23 | Build | Farm |
| 24:30 | Create | Villager (Male) |
| 24:46 | Build | Mining Camp |
| 24:52 | Create | Villager (Male) ×3 |
| 25:07 | Create | Villager (Male) |
| 25:07 | Create | Villager (Male) |
| 25:13 | Create | Villager (Male) |
| 25:14 | Create | Villager (Male) |
| 25:18 | Create | Villager (Male) |
| 25:19 | Create | Villager (Male) |
| 25:57 | Create | Villager (Male) ×3 |
| 26:03 | Create | Villager (Male) |
| 26:03 | Create | Villager (Male) |
| 26:03 | Create | Villager (Male) |
| 26:03 | Create | Villager (Male) |
| 26:07 | Build | Farm |
| 26:08 | Build | Farm |
| 26:10 | Build | Farm |
| 26:11 | Build | Farm |
| 26:15 | Build | Farm |
| 26:23 | Create | Villager (Male) ×3 |
| 26:23 | Create | Villager (Male) ×3 |
| 26:31 | Build | House |
| 26:34 | Build | House |
| 26:35 | Build | House |
| 26:36 | Build | House |
| 26:37 | Build | House |
| 27:25 | Research | Town Watch |
| 27:25 | Research | Wheelbarrow |
| 27:51 | Build | Mining Camp |
| 27:57 | Build | Farm |
Build order — npitsillos
First 150 of 303 actions detected
| 0:02 | Build | House |
| 0:03 | Build | House |
| 0:08 | Create | Villager (Male) |
| 0:08 | Create | Villager (Male) |
| 0:08 | Create | Villager (Male) |
| 0:08 | Create | Villager (Male) |
| 0:09 | Create | Villager (Male) |
| 0:09 | Create | Villager (Male) |
| 1:12 | Create | Villager (Male) |
| 1:12 | Create | Villager (Male) |
| 2:09 | Build | Lumber Camp |
| 2:30 | Create | Villager (Male) |
| 2:31 | Create | Villager (Male) |
| 3:08 | Create | Villager (Male) |
| 3:22 | Build | Mill |
| 3:33 | Create | Villager (Male) |
| 4:10 | Create | Villager (Male) |
| 4:37 | Build | House |
| 4:38 | Create | Villager (Male) |
| 4:39 | Research | Loom |
| 4:59 | Create | Villager (Male) |
| 5:16 | Create | Villager (Male) |
| 6:01 | Create | Villager (Male) |
| 6:17 | Build | Barracks |
| 6:30 | Create | Villager (Male) |
| 6:56 | Build | House |
| 6:59 | Create | Villager (Male) |
| 7:00 | Create | Villager (Male) |
| 7:52 | Build | House |
| 7:54 | Build | House |
| 8:00 | Create | Villager (Male) |
| 8:01 | Research | Feudal Age |
| 8:44 | Build | Farm |
| 8:48 | Build | Mining Camp |
| 9:17 | Build | House |
| 9:24 | Build | House |
| 9:29 | Build | Palisade Wall |
| 10:04 | Build | Farm |
| 10:05 | Create | Villager (Male) |
| 10:05 | Create | Villager (Male) |
| 10:06 | Create | Villager (Male) |
| 10:06 | Create | Villager (Male) |
| 10:27 | Age | Feudal Age |
| 10:29 | Create | Spearman |
| 10:46 | Research | Double-Bit Axe |
| 11:18 | Build | Archery Range |
| 11:55 | Build | Farm |
| 11:56 | Create | Villager (Male) |
| 12:19 | Build | Farm |
| 12:28 | Research | Horse Collar |
| 12:35 | Create | Villager (Male) |
| 12:52 | Build | Mining Camp |
| 13:01 | Create | Villager (Male) |
| 13:01 | Create | Villager (Male) |
| 13:02 | Create | Villager (Male) |
| 13:21 | Create | Archer |
| 13:21 | Create | Archer |
| 13:22 | Create | Archer |
| 13:22 | Create | Skirmisher |
| 13:22 | Create | Skirmisher |
| 14:02 | Create | Villager (Male) |
| 14:07 | Build | Blacksmith |
| 14:18 | Create | Villager (Male) |
| 14:47 | Create | Villager (Male) |
| 14:50 | Build | Farm |
| 14:57 | Build | Farm |
| 15:30 | Build | Farm |
| 15:32 | Create | Villager (Male) |
| 16:13 | Build | Farm |
| 16:33 | Research | Castle Age |
| 16:42 | Create | Spearman |
| 16:50 | Create | Spearman |
| 17:22 | Build | Palisade Wall |
| 17:24 | Build | Mining Camp |
| 17:34 | Create | Archer |
| 17:34 | Create | Archer |
| 17:52 | Build | Stable |
| 17:53 | Build | Stable |
| 17:53 | Build | Stable |
| 18:04 | Research | Wheelbarrow |
| 18:38 | Create | Villager (Male) |
| 18:38 | Create | Villager (Male) |
| 18:39 | Create | Villager (Male) |
| 18:39 | Create | Villager (Male) |
| 18:39 | Create | Villager (Male) |
| 18:44 | Build | Farm |
| 18:45 | Build | Farm |
| 18:45 | Build | Farm |
| 18:45 | Build | Farm |
| 18:45 | Build | Farm |
| 18:45 | Build | Farm |
| 18:58 | Age | Castle Age |
| 19:21 | Create | Villager (Male) |
| 19:22 | Create | Villager (Male) |
| 19:22 | Create | Villager (Male) |
| 19:22 | Create | Villager (Male) |
| 19:49 | Build | Monastery |
| 20:10 | Create | Villager (Male) |
| 20:26 | Research | Bow Saw |
| 20:46 | Build | Farm |
| 21:08 | Create | Monk |
| 21:21 | Build | Farm |
| 21:24 | Create | Villager (Male) |
| 21:32 | Build | Farm |
| 21:36 | Research | Forging |
| 21:42 | Research | Fletching |
| 22:02 | Create | Monk |
| 22:19 | Build | House |
| 22:20 | Build | House |
| 22:34 | Build | Market |
| 23:13 | Build | Lumber Camp |
| 23:20 | Create | Villager (Male) |
| 23:20 | Create | Villager (Male) |
| 23:21 | Create | Villager (Male) |
| 23:22 | Create | Villager (Male) |
| 23:22 | Create | Villager (Male) |
| 23:22 | Create | Villager (Male) |
| 23:22 | Create | Villager (Male) |
| 23:23 | Create | Villager (Male) |
| 24:11 | Research | Heavy Plow |
| 24:15 | Research | Bloodlines |
| 24:18 | Create | Knight |
| 24:18 | Create | Knight |
| 24:19 | Research | Husbandry |
| 24:21 | Create | Knight |
| 24:21 | Create | Knight |
| 24:44 | Research | Scale Barding Armor |
| 25:09 | Create | Spearman |
| 25:09 | Create | Spearman |
| 25:10 | Create | Spearman |
| 25:10 | Create | Spearman |
| 25:38 | Research | Gold Mining |
| 25:48 | Build | Castle |
| 26:01 | Build | House |
| 26:01 | Build | House |
| 26:25 | Build | Castle |
| 26:33 | Research | Pikeman (upgrade) |
| 26:58 | Build | Stone Wall |
| 27:46 | Create | War Elephant |
| 27:46 | Create | War Elephant |
| 27:46 | Create | War Elephant |
| 27:46 | Create | War Elephant |
| 28:20 | Create | Camel Scout |
| 28:20 | Create | Camel Scout |
| 28:20 | Create | Camel Scout |
| 28:28 | Build | House |
| 28:29 | Build | House |
| 28:31 | Build | House |
| 28:45 | Build | House |
| 28:47 | Build | House |
Match timeline
| 4:20 | Yuanchi · wall_segment Palisade Wall x14 |
| 6:17 | npitsillos · first_building Barracks |
| 6:54 | speen · first_building Barracks |
| 7:21 | Humping Moose · wall_segment Palisade Wall x13 |
| 7:59 | Yuanchi · first_building Barracks |
| 8:54 | speen · wall_segment Palisade Wall x1 |
| 9:19 | Humping Moose · wall_segment Palisade Wall x19 |
| 9:29 | npitsillos · wall_segment Palisade Wall x4 |
| 9:54 | speen · age_up feudal |
| 10:20 | speen · first_building Stable |
| 10:27 | npitsillos · age_up feudal |
| 10:33 | m · first_building Barracks |
| 10:44 | m · wall_segment Palisade Wall x6 |
| 11:02 | Yuanchi · age_up feudal |
| 11:13 | Humping Moose · age_up feudal |
| 11:18 | npitsillos · first_building Archery Range |
| 11:20 | Yuanchi · first_building Stable |
| 11:51 | AnArKy · age_up feudal |
| 12:03 | Aegon the first of his name · first_building Barracks |
| 12:04 | speen · wall_segment Stone Wall x11 |
| 12:14 | speen · wall_segment Stone Wall x5 |
| 12:21 | speen · wall_segment Stone Wall x9 |
| 12:24 | Aegon the first of his name · age_up feudal |
| 12:30 | speen · wall_segment Stone Wall x8 |
| 12:32 | m · age_up feudal |
| 12:59 | AnArKy · wall_segment Stone Wall x1 |
| 13:07 | AnArKy · wall_segment Stone Wall x22 |
| 13:33 | Aegon the first of his name · first_building Archery Range |
| 13:34 | COCO · age_up feudal |
| 13:50 | COCO · wall_segment Stone Wall x19 |
| 13:52 | COCO · wall_segment Stone Wall x9 |
| 16:44 | m · wall_segment Palisade Wall x23 |
| 17:20 | AnArKy · wall_segment Stone Wall x13 |
| 17:22 | npitsillos · wall_segment Palisade Wall x7 |
| 17:23 | AnArKy · wall_segment Stone Wall x14 |
| 17:25 | Aegon the first of his name · age_up castle |
| 17:26 | m · first_building Archery Range |
| 17:32 | COCO · age_up castle |
| 17:41 | m · wall_segment Palisade Wall x6 |
| 17:52 | npitsillos · first_building Stable |
| 17:53 | m · wall_segment Palisade Wall x3 |
| 18:17 | AnArKy · wall_segment Stone Wall x1 |
| 18:23 | AnArKy · wall_segment Stone Wall x9 |
| 18:28 | COCO · first_market_buy 100 stone |
| 18:54 | Humping Moose · age_up castle |
| 18:58 | npitsillos · age_up castle |
| 18:58 | m · age_up castle |
| 19:17 | m · wall_segment Palisade Wall x6 |
| 19:31 | Aegon the first of his name · first_building Siege Workshop |
| 19:45 | AnArKy · age_up castle |
| 19:49 | npitsillos · first_building Monastery |
| 20:30 | Aegon the first of his name · wall_segment Stone Wall x9 |
| 20:40 | speen · wall_segment Stone Wall x7 |
| 21:16 | Humping Moose · wall_segment Stone Wall x12 |
| 21:23 | Aegon the first of his name · first_market_buy 100 wood |
| 21:23 | m · first_building Castle |
| 21:36 | Yuanchi · age_up castle |
| 22:31 | speen · first_market_buy 100 food |
| 22:45 | speen · first_market_sell 100 wood |
| 22:47 | Aegon the first of his name · first_building Castle |
| 23:39 | AnArKy · first_market_buy 100 food |
| 24:22 | m · wall_segment Palisade Wall x6 |
| 24:30 | Humping Moose · wall_segment Stone Wall x20 |
| 24:40 | Yuanchi · wall_segment Stone Wall x15 |
| 25:28 | speen · age_up castle |
| 25:48 | npitsillos · first_building Castle |
| 26:38 | Humping Moose · first_building Castle |
| 26:58 | npitsillos · wall_segment Stone Wall x9 |
| 27:17 | Yuanchi · wall_segment Stone Wall x10 |
| 28:41 | AnArKy · first_building Castle |
| 29:01 | COCO · first_building Castle |
| 30:08 | Humping Moose · first_building Barracks |
| 30:30 | Aegon the first of his name · first_building Monastery |
| 30:55 | COCO · first_market_sell 500 food |
| 31:35 | AnArKy · first_building Barracks |
| 31:47 | npitsillos · first_building Siege Workshop |
| 32:05 | Humping Moose · age_up imperial |
| 32:48 | npitsillos · wall_segment Stone Wall x8 |
| 32:51 | npitsillos · wall_segment Stone Wall x1 |
| 32:56 | m · wall_segment Stone Wall x1 |
| 33:06 | AnArKy · age_up imperial |
| 33:06 | Aegon the first of his name · first_market_sell 100 wood |
| 33:14 | COCO · first_building Barracks |
| 33:24 | m · first_market_buy 500 food |
| 33:27 | m · first_market_sell 500 wood |
| 33:30 | speen · first_building Castle |
| 33:39 | Yuanchi · first_building Castle |
| 34:20 | Aegon the first of his name · age_up imperial |
| 34:30 | npitsillos · first_market_buy 100 food |
| 35:33 | Humping Moose · first_building Stable |
| 35:48 | COCO · first_building Stable |
| 35:54 | Humping Moose · first_building Siege Workshop |
| 36:50 | COCO · age_up imperial |
| 37:01 | m · age_up imperial |
| 37:22 | npitsillos · age_up imperial |
| 38:11 | speen · age_up imperial |
| 38:38 | AnArKy · first_building Siege Workshop |
| 38:55 | Yuanchi · age_up imperial |
| 41:41 | m · wall_segment Stone Wall x2 |
| 41:44 | m · wall_segment Stone Wall x17 |
| 41:58 | m · wall_segment Stone Wall x16 |
| 44:18 | Yuanchi · resign |
[ AI ANALYSIS · 1 CREDIT ]
What really happened in this match?
Wolo.gg analyzes every decision: build order, eco, micro, common mistakes by bracket. Personalized analysis on WhatsApp or Discord in 30 seconds.
Civ guide
Franks
Perfil
Jugador #9353421